montu, chaotic male human Wizard |.| ----.-- .GI@p... % --G.o.. ...<... ....... ..... .%. montu the Thaumaturge Experience level: 6 Strength: 15 Dexterity: 13 Constitution: 11 Intelligence: 18 Wisdom: 12 Charisma: 11 Health: 0(57) Energy: 9(51) Def: 8 Gold: 196 Moves: 3374 Dungeon seed: oZvI31Z-4pXCUK91 Game ID: montu_1705861859 Your Inventory: Coins $ - 196 gold pieces Amulets B - an uncursed amulet versus poison (being worn) Weapons a - a blessed +1 quarterstaff (weapon in hands) Armor e - an uncursed +0 cloak of magic resistance (being worn) q - an uncursed +2 dwarvish cloak of clairvoyance H - a blessed +1 pair of high boots (being worn) J - an uncursed +0 studded leather armor (being worn) N - an uncursed +0 pair of iron shoes of searching Y - an uncursed +0 dented pot (being worn) Comestibles u - 2 uncursed food rations x - an uncursed tin of iguana meat Scrolls k - an uncursed scroll of earth K - an uncursed scroll of charging L - an uncursed scroll of recall Spellbooks X - an uncursed spellbook of detect treasure Potions c - an uncursed potion of confusion M - an uncursed potion of paralysis O - a cursed potion of wonder W - an uncursed potion of booze Z - an uncursed potion of full healing Rings p - an uncursed ring of fire immunity (on left hand) E - an uncursed +3 ring of carrying (on right hand) Wands w - an uncursed wand of polymorph (0:7) C - an uncursed wand of undead turning (0:4) Tools h - an uncursed blindfold l - an uncursed leash m - an uncursed stethoscope o - 7 uncursed wax candles (0:400) A - an uncursed skeleton key D - an uncursed oil lamp (lit) (0:883) U - an uncursed tallow candle (0:200) Gems r - an uncursed worthless piece of green glass y - an uncursed worthless piece of blue glass z - 2 uncursed worthless pieces of violet glass Spells and supernatural/magical abilities: Name Level Category Cost Memory a - force bolt 1 attack 6pw 95% k - knock 1 matter 12pw 96% m - magic missile 2 attack 12pw 95% p - protection 1 clerical 12pw 95% z - sleep 1 enchantment 8pw 97% U - detect unseen 3 divination 37pw 95% W - pray for help -- divine ? -- Your skills at the end: Fighting Skills wands [Basic] Weapon Skills quarterstaff [Basic] Spellcasting Skills attack spells [Skilled] enchantment spells [Basic] Final Attributes: You had transgressed. You were immune to fire. You were immune to poison. You were magic resistant. You were slow. You last prayed 1425 turns ago. Anhur was noncommittal. You are dead. Vanquished creatures: a frost giant a large dog a watchman a brown pudding a dog a housecat 3 human zombies a Mordor orc a fog cloud 7 gnome lords 2 gnomish wizards 9 dwarves an iguana a gas spore 3 hobbits a large kobold 3 giant rats a green mold a red mold 17 gnomes 2 geckos 4 jackals 2 foxes a kobold a goblin 2 grid bugs a bat a lichen 4 newts 75 creatures vanquished. Voluntary challenges: You had been an atheist until turn 1946. You used a wielded weapon 34 times, starting on turn 321. You read items or engraved 7 times, starting on turn 698. You never genocided any monsters. You never polymorphed an object. You never changed form. You used no wishes. You never split a pudding. You wrote Elbereth's name 1 time, starting on turn 3373. You violated your moral code, losing 41 points of alignment, starting on turn 3046. Dungeon overview: The Dungeons of Doom: levels 1 to 3 Level 1 a long staircase Level 2 a scroll shop, a vault Level 3 a fountain, a vault stairs to The Gnomish Mines The Gnomish Mines: levels 4 to 7 Level 4 stairs to The Dungeons of Doom Level 5 Level 6 many shops, a temple to Thoth, some fountains Level 7 <- You were here History has recorded: On T:1 you entered the Dungeons of Doom to retrieve the Amulet of Yendor! On T:286 you reached level 2 of The Dungeons of Doom. On T:1111 you reached level 3 of The Dungeons of Doom. On T:1385 you advanced to experience level 2. On T:1403 you reached level 1 of The Gnomish Mines. On T:1417 you advanced to experience level 3. On T:1456 you advanced to experience level 4. On T:1889 you reached level 2 of The Gnomish Mines. On T:1917 you advanced to experience level 5. On T:1936 you reached level 3 of The Gnomish Mines. On T:2419 you advanced to experience level 6. On T:3358 you reached level 4 of The Gnomish Mines. Score breakdown: Gold: 196 ( 7804 points) Experience: 6 levels (12456 points) Exploration: 7 levels ( 14.58%) (10718 points) Discoveries: 34 items ( 11.41%) (10133 points) Valuables value: (no points given unless you survive) Artifact value: 0 ( 0 points) Variety of kills: 29 monsters ( 7.63%) ( 8287 points) Turncount: 3374 turns ( -773 points) Survival: died (score multiplied by 80%) Total score: 38900 Latest messages: The force bolt hits the giant beetle! The giant beetle is killed! The giant beetle disappears in a puff of logic. The hobgoblin misses. The gnome picks up a crossbow bolt from the floor. The hobgoblin hits! It removes a wand from its bag. [2 turns] You write in the dust with your fingers. It hits! The gnome shoots a crossbow bolt! The crossbow bolt misses it. You are hit by a crossbow bolt. The hobgoblin hits! It hits! [2 turns] You add to the writing in the dust with your fingers. The hobgoblin turns to flee! It hits! The gnome turns to flee! The gnome shoots a crossbow bolt! The crossbow bolt misses it. You are almost hit by a crossbow bolt. It hits! You die... Final status: Goodbye montu the Wizard, killed by an invisible priestess called "Raisse"... You died in The Gnomish Mines on dungeon level 7 with 38900 points, and 196 pieces of gold, after 3374 moves. You were level 6 with a maximum of 57 hit points when you died.